 Dungeon Crawl Stone Soup version 0.30.0-29-ga12c61a403 (webtiles) character file.

Game seed: 11564766192568010715

115033 Peloso the Fencer (level 16, -16/155 HPs)
             Began as a Minotaur Fighter on June 25, 2023.
             Was the Champion of Okawaru.
             Demolished by a shard shrike (shapeshifter) (60 damage)
             ... on level 11 of the Dungeon.
             The game lasted 01:03:35 (23002 turns).

Peloso the Fencer (Minotaur Fighter)               Turns: 23002, Time: 01:03:36

Health: -16/155    AC: 31    Str: 28    XL:     16   Next: 17%
Magic:  14/16      EV: 13    Int: 13    God:    Okawaru [******]
Gold:   2509       SH: 16    Dex: 15    Spells: 15/15 levels left

rFire   + + .        a - +8 long sword "Noxo" {flame, rN+ Int+2}
rCold   . . .        d - +0 kite shield
rNeg    + . .        c - +3 plate armour "Vokagh" {Int+4 Stlth+}
rPois   .            H - +0 hat "Hucagge" {Fly Int+2 Dex+2}
rElec   .            Q - +2 cloak {rCorr}
rCorr   +            (no gloves)
SInv    .            u - +2 pair of boots "Viatealo" {rF++}
Will    ++...        o - amulet of regeneration
Stlth   ++           B - ring "Ceehibb" {Will+ rCorr Str+2 Stlth+}
HPRegen 1.25/turn    G - +4 ring of slaying
MPRegen 0.15/turn

%: no passive effects
@: heroic, flying
A: horns 2, retaliatory headbutt
a: Renounce Religion, Heroism, Finesse, Duel


You were on level 11 of the Dungeon.
You worshipped Okawaru.
Okawaru was exalted by your worship.
You visited 4 branches of the dungeon, and saw 23 of its levels.
You also visited: Gauntlet and Volcano.

You collected 2579 gold pieces.
You spent 70 gold pieces at shops.

Inventory:

Hand Weapons
 a - the +8 long sword "Noxo" (weapon) {flame, rN+ Int+2}
   (You acquired it in a Gauntlet)

   Int:       It affects your intelligence (+2).
   rN:        It protects you from negative energy.
 b - the +9 eveningstar of Accidental Termination {vamp, Will++ Str+3}
   (Okawaru gifted it to you on level 3 of the Lair of Beasts)

   Str:       It affects your strength (+3).
   Will:      It greatly increases your willpower.
Armour
 c - the +3 plate armour "Vokagh" (worn) {Int+4 Stlth+}
   (Okawaru gifted it to you on level 5 of the Lair of Beasts)

   Int:       It affects your intelligence (+4).
   Stlth:     It makes you more stealthy.
 d - a +0 kite shield (worn)
 s - the +1 cloak of the Saviour {Rampage Will+}
   (You found it in a Gauntlet)

   Rampage:   It bestows one free step when moving towards enemies.
   Will:      It increases your willpower.
 u - the +2 pair of boots "Viatealo" (worn) {rF++}
   (Okawaru gifted it to you on level 2 of the Orcish Mines)

   rF:        It greatly protects you from fire.
 H - the +0 hat "Hucagge" (worn) {Fly Int+2 Dex+2}
   (You found it in a Gauntlet)

   Int:       It affects your intelligence (+2).
   Dex:       It affects your dexterity (+2).
   Fly:       It grants you flight.
 Q - a +2 cloak of preservation (worn)
 S - a +2 chain mail of willpower
Jewellery
 h - a ring of resist corrosion
 o - an amulet of regeneration (around neck)
 q - an amulet of faith
 t - a +4 ring of protection
 A - a ring of poison resistance
 B - the ring "Ceehibb" (left hand) {Will+ rCorr Str+2 Stlth+}
   (You found it on level 3 of the Lair of Beasts)

   [ring of willpower]

   Str:       It affects your strength (+2).
   rCorr:     It protects you from acid and corrosion.
   Will:      It increases your willpower.
   Stlth:     It makes you more stealthy.
 F - a +6 ring of strength
 G - a +4 ring of slaying (right hand)
 J - a +4 ring of protection
 U - a ring of flight
 V - a ring of fire
 W - a ring of protection from fire
 X - a ring of see invisible
 Y - a ring of protection from cold
Wands
 e - a wand of digging (7)
 f - a wand of quicksilver (11)
 E - a wand of polymorph (3)
 I - a wand of flame (65)
 T - a wand of roots (10)
Scrolls
 i - 7 scrolls of teleportation
 j - 4 scrolls of fear
 k - 2 scrolls of magic mapping
 l - 3 scrolls of butterflies
 n - 4 scrolls of poison
 p - 5 scrolls of immolation
 r - 3 scrolls of fog
 x - 4 scrolls of enchant armour
 y - 6 scrolls of enchant weapon
 D - a scroll of brand weapon
 L - 8 scrolls of identify
 M - a scroll of amnesia
 P - a scroll of silence
Potions
 g - a potion of haste
 m - 2 potions of might
 v - 3 potions of brilliance
 w - 11 potions of curing
 z - 2 potions of mutation
 C - 4 potions of flight
 K - 5 potions of magic
 N - a potion of heal wounds
 O - 3 potions of cancellation
 R - 2 potions of resistance
 Z - a potion of ambrosia


   Skills:
 + Level 17.1(22.1) Fighting
 + Level 18.0(23.0) Long Blades
 + Level 17.7(22.7) Armour
 + Level 4.2(9.2) Dodging
 + Level 3.9(8.9) Stealth
 + Level 16.9(21.9) Shields
 + Level 2.0 Invocations
 + Level 0.1 Evocations


You had 15 spell levels left.
You didn't know any spells.
Your spell library contained the following spells:

 Spells                   Type           Power      Damage    Failure   Level
 Kiss of Death            Conj/Necr      0%         2d5       80%         1
 Necrotise                Necr           0%         1d4       80%         1
 Sandblast                Erth           0%         2d4       80%         1
 Blink                    Tloc           0%         N/A       90%         2
 Ensorcelled Hibernation  Hex/Ice        0%         N/A       90%         2
 Passwall                 Tmut/Erth      0%         N/A       90%         2
 Confusing Touch          Hex            0%         N/A       99%         3
 Stone Arrow              Conj/Erth      0%         3d7       99%         3
 Swiftness                Air            0%         N/A       99%         3
 Vampiric Draining        Necr           0%         2d6       99%         3
 Dispel Undead            Necr           0%         3d6       100%        4
 Manifold Assault         Tloc           0%         N/A       100%        4
 Agony                    Necr           0%         N/A       100%        5
 Alistair's Intoxication  Tmut/Pois      0%         N/A       100%        5
 Borgnjor's Vile Clutch   Necr/Erth      0%         N/A       100%        5
 Metabolic Englaciation   Hex/Ice        0%         N/A       100%        5
 Eringya's Noxious Bog    Tmut/Pois      0%         N/A       100%        6
 Storm Form               Tmut/Air       0%         N/A       100%        7
 Call Imp                 Summ           Unusable   N/A       N/A         2
 Summon Mana Viper        Hex/Summ       Unusable   N/A       N/A         5

Dungeon Overview and Level Annotations

Branches:
Dungeon (15/15)            Temple (1/1) D:7            Lair (5/5) D:11
 Shoals (0/4) Lair:3        Snake (0/4) Lair:3        Slime (0/5) Lair:5
    Orc (2/2) D:12            Elf (0/3) Orc:2        Vaults (0/5) D:13
 Depths (0/4) D:15        Volcano (visited)         Gauntlet (visited)

Altars:
Ashenzari
Dithmenos
Elyvilon
Fedhas
Hepliaklqana
Makhleb
Nemelex Xobeh
Okawaru
Qazlal
Ru
Trog
Vehumet
Wu Jian
Xom
Yredelemnul
Zin
The Shining One
Jiyva

Shops:
D:5 [[=!   D:8 (   D:12 [   Orc:2 !!(([

Portals:
Trove: D:12 (give 16 scrolls of teleportation)


Innate Abilities, Weirdness & Mutations

You have a pair of horns on your head.
You reflexively headbutt those who attack you in melee.


Message History

There is a stone staircase leading down here.
You fly downwards.
There is a stone staircase leading up here.
There is a stone staircase leading down here.
You fly downwards.
There is a stone staircase leading up here.
There is an open door, spattered with blood here.
You see here a +0 shortbow.
There is an open door here.
There is a stone staircase leading down here.
You fly downwards.
Level annotation: 1 runed translucent door
There is a stone staircase leading up here.
The centaur warrior shouts!
The shard shrike screeches!
You hear a shout! x2
The orc knight shouts!
The yaktaur captain shouts!
You reach down and open the door.
The shard shrike spits a shard of ice at you.
The shard of ice hits you!!
Unknown command.
You gain the combat prowess of a mighty hero.
The shard shrike claws you but does no damage.
The boulder beetle leaps!
You hit the shard shrike. You burn the shard shrike.
The shard shrike is lightly wounded.
The shard shrike claws you but does no damage.
You slash the shard shrike! You burn the shard shrike.
Your headbutt misses the shard shrike.
The shard shrike is lightly wounded.
The shard shrike claws you but does no damage.
The shard shrike claws you. The shard shrike freezes you!!!
You block the boulder beetle's attack. The shard shrike claws you!
The shard shrike freezes you!!
You slice the shard shrike!! You burn the shard shrike.
Your headbutt misses the shard shrike.
The shard shrike is moderately wounded.
The shard shrike claws you!
* * * LOW HITPOINT WARNING * * *
The shard shrike freezes you!!!
You die...

#....##..........# #....# #...
.....##..........####....#####...
.................................
.................................
..######................######...
..# #...####.).......# ##... ..#
#...# #.........#####...#
..######...####.B.......#...##.##
...............8@8......#..~~###~
[.............##b##.....#.~..≈.≈.
..............#Wuc#.###.##~......
###...###.....#HoO#.# #..##≈.~~~.
#...# #.....#:c)#.# #......~<~.
#...# #.....#####.# #..##≈.~~~)
#...# #...........# #.##~......
#...###..........####.#.~..≈.≈.
###....................(#..~~###~


You could see a shard shrike, a yaktaur captain, a boulder beetle, an orc
knight, a cyan ugly thing, a centaur warrior, a two-headed ogre, a manticore and
a wraith.

Vanquished Creatures
  Rupert (D:13)
  Donald (Orc:1)
  A frost giant (D:15)
  An orc warlord (Orc:2)
  Azrael (D:13)
  A minotaur (Gauntlet)
  Josephine (D:13)
  A fire dragon (Lair:5)
  8 vault guards (D:13)
  Erolcha (D:13)
  9 hydras
  An ogre mage (D:15)
  2 catoblepae
  Erica (D:8)
  5 boulder beetles
  4 centaur warriors
  2 tengu warriors (D:15)
  6 two-headed ogres
  5 death yaks (Gauntlet)
  2 orc high priests
  A soul eater (Gauntlet)
  A fire crab (shapeshifter) (D:11)
  A skyshark (Lair:4)
  Amaemon (Lair:1)
  6 skeletal warriors
  A wolf spider zombie (D:13)
  4 lindwurms
  2 deep elf pyromancers
  5 orc knights
  4 orc sorcerers
  22 ugly things
  4 manticores
  5 cyclopes
  A salamander (Lair:3)
  A salamander (shapeshifter) (D:14)
  2 centaur zombies (D:13)
  3 merfolk sirens (Lair:3)
  9 elephants
  3 molten gargoyles
  2 toenail golems (Volcano)
  A rust devil (D:15)
  2 orange demons
  2 smoke demons (D:15)
  2 torpor snails
  A gargoyle (D:11)
  5 black mambas
  16 cane toads
  4 unseen horrors
  A freezing wraith (D:14)
  21 komodo dragons
  2 kobold demonologists
  2 rime drakes
  2 efreet (Volcano)
  3 trolls
  A red devil (D:15)
  A hornet (D:9)
  A merfolk (Lair:3)
  3 meliai (D:15)
  3 hellwings (D:15)
  A raiju (shapeshifter) (D:13)
  2 wolf spider simulacra (D:15)
  14 blink frogs
  8 wyverns
  3 shadows
  3 vampires
  Sigmund (D:3)
  5 wraiths
  13 basilisks
  51 yaks
  4 fire elementals
  10 vampire mosquitoes
  A chaos spawn (D:15)
  2 steam dragons
  Menkaure (D:4)
  A redback simulacrum (D:15)
  3 swamp worms (Gauntlet)
  A warg (Orc:2)
  An acid dragon (D:13)
  11 water moccasins
  6 hell hounds
  An ice beast (D:6)
  36 orc warriors
  A swamp drake (D:11)
  The ghost of Nicoed the Chopper, an amateur HOFi (D:3)
  A sky beast (D:7)
  10 ogres
  12 wolves
  9 centaurs
  A phantom (D:6)
  3 kobold brigands
  10 bullfrogs
  A gnoll sergeant (D:10)
  3 scorpions
  3 earth elementals (Volcano)
  5 wights
  10 killer bees
  3 electric eels
  2 howler monkeys
  3 jellies
  8 lava snakes
  A gnoll bouda (D:8)
  20 orc priests
  5 hounds
  2 sleepcaps
  2 boggart zombies (D:13)
  5 iguanas
  Natasha (thrice) (D:4)
  29 orc wizards
  15 gnolls
  6 adders
  2 shadow imps (Gauntlet)
  3 white imps
  3 worms (D:2)
  8 dart slugs
  111 orcs
  9 endoplasms
  A giant cockroach (D:4)
  9 goblins
  5 hobgoblins
  11 kobolds
  7 quokkas
  6 ball pythons
  6 bats
  2 frilled lizards
  10 rats
  A fire vortex (Volcano)
752 creatures vanquished.

Vanquished Creatures (others)
  A cane toad (Lair:5)
  3 fire vortices (Volcano)
4 creatures vanquished.

Grand Total: 756 creatures vanquished

Notes
Turn   | Place    | Note
-------+----------+-------------------------------------------
     0 | D:1      | Peloso the Minotaur Fighter began the quest for the Orb.
     0 | D:1      | Reached XP level 1. HP: 19/19 MP: 0/0
    64 | D:1      | Reached XP level 2. HP: 27/27 MP: 1/1
   211 | D:1      | Reached skill level 3 in Long Blades
   253 | D:1      | Reached XP level 3. HP: 33/33 MP: 2/2
  1326 | D:3      | Reached skill level 4 in Long Blades
  1390 | D:3      | Reached XP level 4. HP: 35/40 MP: 3/3
  1586 | D:3      | Found a runed translucent door.
  1588 | D:3      | Noticed a bullfrog
  1590 | D:3      | Noticed Nicoed's ghost (amateur HOFi)
  1630 | D:3      | Noticed Sigmund
  1661 | D:3      | Killed Sigmund
  1662 | D:3      | Reached skill level 5 in Long Blades
  1662 | D:3      | Reached XP level 5. HP: 8/47 MP: 4/4
  1857 | D:3      | Found a broken altar of Ashenzari.
  2241 | D:4      | Reached XP level 6. HP: 53/53 MP: 5/5
  2265 | D:4      | Found a basalt altar of Yredelemnul.
  2328 | D:4      | Reached skill level 5 in Armour
  2367 | D:4      | Found an ornate altar of the Wu Jian Council.
  2627 | D:4      | Noticed Menkaure
  2632 | D:4      | Reached skill level 5 in Fighting
  2635 | D:5      | Entered Level 5 of the Dungeon
  2660 | D:5      | Reached skill level 1 in Dodging
  2667 | D:5      | Reached XP level 7. HP: 31/61 MP: 6/6
  2797 | D:5      | Reached skill level 6 in Long Blades
  2822 | D:4      | Noticed Natasha
  2826 | D:4      | Killed Menkaure
  2827 | D:4      | Reached skill level 1 in Stealth
  2827 | D:4      | Reached skill level 5 in Shields
  2866 | D:4      | Killed Natasha
  2966 | D:4      | Noticed Natasha
  2974 | D:4      | Killed Natasha
  3057 | D:5      | Found Xijom's Antique Armour Boutique.
  3082 | D:5      | Found a glowing golden altar of the Shining One.
  3165 | D:5      | Found Jefy's Armour Emporium.
  3184 | D:5      | Found Ehyed's Jewellery Emporium.
  3200 | D:5      | Found Bidahuph's Distillery.
  3315 | D:5      | Found a sacrificial altar of Ru.
  3363 | D:5      | HP: 2/62 [iguana (9)]
  3442 | D:5      | Reached skill level 7 in Long Blades
  3621 | D:6      | Noticed a steam dragon
  3630 | D:6      | Killed a steam dragon
  3631 | D:6      | Reached XP level 8. HP: 19/70 MP: 7/7
  3993 | D:6      | Reached skill level 8 in Long Blades
  4319 | D:7      | Found a transporter.
  4372 | D:7      | Found a transporter.
  4499 | D:7      | Found a sparkling altar of Nemelex Xobeh.
  4582 | D:7      | Noticed a kobold demonologist
  4582 | D:7      | Noticed a kobold demonologist
  4615 | D:7      | Killed a kobold demonologist
  4672 | D:7      | Noticed a rust devil
  4680 | D:6      | Noticed an ice devil
  4684 | D:6      | Killed a kobold demonologist
  4685 | D:6      | Reached skill level 9 in Long Blades
  4685 | D:6      | Reached XP level 9. HP: 48/78 MP: 8/8
  4813 | D:7      | Identified a scroll of acquirement
  4890 | D:7      | Found a staircase to the Ecumenical Temple.
  4898 | Temple   | Entered the Ecumenical Temple
  4904 | Temple   | Became a worshipper of Warmaster Okawaru
  4957 | D:7      | Found a radiant altar of Vehumet.
  5546 | D:8      | Reached skill level 10 in Long Blades
  5778 | D:8      | Found Feofik's Weapon Shoppe.
  5779 | D:8      | Noticed Erica
  5825 | D:8      | Killed Erica
  5825 | D:8      | Reached * piety under Okawaru
  5826 | D:8      | Reached XP level 10. HP: 18/88 MP: 9/9
  5885 | D:8      | Reached skill level 10 in Armour
  6322 | D:9      | Reached skill level 11 in Long Blades
  6768 | D:10     | Entered Level 10 of the Dungeon
  6831 | D:10     | Found a white marble altar of Elyvilon.
  6946 | D:10     | Reached ** piety under Okawaru
  7355 | D:10     | Noticed a two-headed ogre
  7366 | D:10     | Killed a two-headed ogre
  7881 | D:11     | Noticed a catoblepas
  7881 | D:11     | Noticed a manticore
  7892 | D:11     | Noticed an orc knight
  7892 | D:11     | Noticed a yaktaur captain
  7892 | D:11     | Noticed a manticore
  7892 | D:11     | Noticed a two-headed ogre
  7893 | D:11     | Found a runed translucent door.
  7896 | D:11     | Found a gate leading to a gauntlet.
  7905 | Gauntlet | Entered a Gauntlet
  7905 | Gauntlet | Found a transporter.
  7905 | Gauntlet | Found a transporter.
  7906 | Gauntlet | Found a transporter.
  7907 | Gauntlet | Noticed a tengu warrior
  7910 | Gauntlet | Found a transporter.
  7915 | Gauntlet | Noticed a tengu warrior
  7918 | Gauntlet | Noticed a soul eater
  7924 | Gauntlet | Found a transporter.
  7928 | Gauntlet | Found a transporter.
  7933 | Gauntlet | Noticed a torpor snail
  7941 | Gauntlet | Noticed a death yak
  7941 | Gauntlet | Noticed a death yak
  7941 | Gauntlet | Noticed a death yak
  7942 | Gauntlet | Noticed a death yak
  7943 | Gauntlet | Noticed a death yak
  7944 | Gauntlet | Found a transporter.
  8039 | Gauntlet | Found a transporter.
  8041 | Gauntlet | Found a transporter.
  8059 | Gauntlet | Found a transporter.
  8061 | Gauntlet | Found a transporter.
  8075 | Gauntlet | Found a transporter.
  8215 | Gauntlet | Acquired the +8 long sword "Noxo" {flame, rN+ Int+2}
  8340 | Gauntlet | Killed a soul eater
  8341 | Gauntlet | Reached skill level 12 in Long Blades
  8465 | Gauntlet | Killed a torpor snail
  8465 | Gauntlet | Reached *** piety under Okawaru
  8476 | Gauntlet | Killed a death yak
  8485 | Gauntlet | Killed a death yak
  8486 | Gauntlet | Reached XP level 11. HP: 71/95 MP: 10/10
  8496 | Gauntlet | Killed a death yak
  8497 | Gauntlet | Killed a death yak
  8497 | Gauntlet | Reached **** piety under Okawaru
  8505 | Gauntlet | Killed a death yak
  8516 | Gauntlet | Identified the +7 quarterstaff of the Endless Expanse
                  | {antimagic, Int+3}
  8517 | Gauntlet | Identified the +1 cloak of the Saviour {Rampage Will+}
  8568 | Gauntlet | Noticed a minotaur
  8576 | Gauntlet | Killed a minotaur
  8577 | Gauntlet | Reached skill level 13 in Long Blades
  8588 | Gauntlet | Got the Precepts of the Enthralling Familiar
  8596 | Gauntlet | Identified the +0 hat "Hucagge" {Fly Int+2 Dex+2}
  8596 | Gauntlet | Identified the +0 robe "Bize" {Harm rF- Dex+7 SInv}
  8649 | D:11     | Noticed a centaur warrior
  8649 | D:11     | Noticed a cyan ugly thing
  8674 | D:11     | Reached ***** piety under Okawaru
  8675 | D:11     | Reached skill level 1 in Invocations
  8700 | D:11     | Killed a catoblepas
  8873 | D:11     | Reached skill level 10 in Fighting
  8891 | D:11     | Noticed a two-headed ogre
  8896 | D:11     | Noticed a boulder beetle
  9112 | D:11     | Noticed a two-headed ogre
  9119 | D:11     | Killed a two-headed ogre
  9205 | D:11     | Received a gift from Okawaru
  9361 | D:11     | Noticed a fire crab
  9365 | D:11     | Killed a fire crab
  9366 | D:11     | Reached skill level 14 in Long Blades
  9366 | D:11     | Reached XP level 12. HP: 83/107 MP: 11/11
  9425 | D:11     | Reached ****** piety under Okawaru
  9444 | D:11     | Found a staircase to the Lair.
  9567 | D:11     | Noticed a stone giant
  9662 | Lair:1   | Entered Level 1 of the Lair of Beasts
  9956 | Lair:1   | Identified the +4 ring mail of Complete Protection {rPois
                  | rC- SInv Stlth+} (Okawaru gifted it to you on level 1 of
                  | the Lair of Beasts)
  9956 | Lair:1   | Received a gift from Okawaru
  9986 | Lair:1   | Reached skill level 10 in Shields
 10019 | Lair:1   | Noticed Amaemon
 10029 | Lair:1   | Killed Amaemon
 10226 | Lair:1   | Reached skill level 15 in Long Blades
 10634 | Lair:2   | Noticed an eight-headed hydra
 10639 | Lair:2   | Killed a five-headed hydra
 11456 | Lair:3   | Reached XP level 13. HP: 108/119 MP: 12/12
 11526 | Lair:3   | Found a dark tunnel.
 11531 | Volcano  | Entered a volcano
 12003 | Lair:3   | Identified the +9 eveningstar of Accidental Termination
                  | {vamp, Will++ Str+3} (Okawaru gifted it to you on level 3
                  | of the Lair of Beasts)
 12003 | Lair:3   | Received a gift from Okawaru
 12141 | Lair:3   | Found a staircase to the Shoals.
 12290 | Lair:3   | Found a staircase to the Snake Pit.
 12302 | Lair:3   | Received a gift from Okawaru
 12396 | Lair:3   | Identified the ring "Ceehibb" {Will+ rCorr Str+2 Stlth+}
 12541 | Lair:3   | Reached skill level 15 in Armour
 12956 | D:11     | Noticed a caustic shrike
 13366 | D:12     | Found a portal to a secret trove of treasure.
 13407 | D:12     | You are sucked into a shaft and drop 2 floors!
 13493 | D:13     | Found a gate to the Vaults.
 13518 | D:13     | Noticed Erolcha
 13523 | D:13     | Found a shadowy altar of Dithmenos.
 13579 | D:13     | Identified the +1 hat of Okawaru's Supremacy {rC+++ Str-4
                  | Slay-2 SInv} (Okawaru gifted it to you on level 13 of the
                  | Dungeon)
 13579 | D:13     | Received a gift from Okawaru
 13607 | D:13     | Killed Erolcha
 13608 | D:13     | Reached skill level 16 in Long Blades
 13689 | D:13     | Reached XP level 14. HP: 81/132 MP: 11/14
 13979 | D:12     | Found Acomen's Armour Shop.
 14538 | D:12     | Found a staircase to the Orcish Mines.
 14879 | Orc:1    | Entered Level 1 of the Orcish Mines
 14957 | Orc:2    | Entered Level 2 of the Orcish Mines
 15492 | Orc:2    | Noticed Donald
 15512 | Orc:1    | Killed Donald
 15719 | Orc:2    | Found a staircase to the Elven Halls.
 15930 | Orc:2    | Noticed an orc warlord
 15960 | Orc:2    | Killed an orc warlord
 16105 | Orc:2    | Found Apsison's Weapon Boutique.
 16282 | Orc:2    | Reached skill level 15 in Fighting
 16289 | Orc:2    | Found Xyjuy's Distillery.
 16414 | Orc:2    | Identified the +2 pair of boots "Viatealo" {rF++} (Okawaru
                  | gifted it to you on level 2 of the Orcish Mines)
 16414 | Orc:2    | Received a gift from Okawaru
 16441 | Orc:2    | Found Huomudd's Antique Armour Emporium.
 16442 | Orc:2    | Found Kufail's Antique Weapon Shoppe.
 16547 | Orc:2    | Found Qexten's Distillery.
 16555 | Orc:2    | Bought a potion of heal wounds for 70 gold pieces
 17306 | D:13     | Noticed Azrael
 17309 | D:13     | Noticed Rupert
 17320 | D:13     | Killed Azrael
 17579 | D:13     | Killed Rupert
 17796 | D:14     | Noticed Josephine
 17805 | D:13     | Killed Josephine
 17989 | D:13     | Reached XP level 15. HP: 74/143 MP: 15/15
 18661 | D:15     | Entered Level 15 of the Dungeon
 18676 | D:15     | Received a gift from Okawaru
 18691 | D:15     | Reached skill level 15 in Shields
 18704 | D:15     | Reached skill level 17 in Long Blades
 19397 | D:15     | Received a gift from Okawaru
 19470 | D:15     | Found a staircase to the Depths.
 19470 | D:15     | Noticed a frost giant
 19481 | D:15     | Killed a frost giant
 20124 | Lair:5   | Entered Level 5 of the Lair of Beasts
 21527 | Lair:5   | Identified the +3 plate armour "Vokagh" {Int+4 Stlth+}
                  | (Okawaru gifted it to you on level 5 of the Lair of Beasts)
 21527 | Lair:5   | Received a gift from Okawaru
 21605 | Lair:5   | Found a staircase to the Slime Pits.
 21606 | Lair:5   | Found a viscous altar of Jiyva.
 21708 | Lair:5   | Reached XP level 16. HP: 144/154 MP: 16/16
 21870 | Lair:5   | Reached skill level 18 in Long Blades
 21893 | Lair:5   | Found a large runed translucent door.
 21893 | Lair:5   | Found a large runed translucent door.
 22611 | D:4      | Noticed Natasha
 22618 | D:4      | Killed Natasha
 22753 | D:3      | Killed Nicoed's ghost
 22995 | D:11     | Noticed a shard shrike
 23002 | D:11     | Demolished by a shard shrike (shapeshifter)

Illustrated notes

Levels and vault maps discovered:
D:1:      dpeg_arrival_ratfight, layout_basic, hangedman_abyss_or_decor_stabs,
          minmay_misc_feat_four_crosses, st_stairs_1
D:2:      layout_loops_cross
D:3:      layout_basic, ashenzari_conservatory_becter, ebering_ghost_sewer_d,
          uniq_sigmund
D:4:      layout_rooms, mainiacjoe_overflow_boulevard,
          mainiacjoe_overflow_catwalk, uniq_menkaure, uniq_natasha
D:5:      layout_basic, mainiacjoe_overflow_six_doors_small,
          mainiacjoe_overflow_tiny_flanked, serial_shops, nicolae_shop_trees,
          nicolae_shop_statue_plus, nicolae_shop_tiny_statue_garden, shop
D:6:      layout_rooms
D:7:      gammafunk_steamed_eel, layout_basic, nicolae_vehumet_altar_sigil,
          nemelex_spade_bored_becter, minmay_temple_entry_statues_fountains
D:8:      layout_gridville, serial_shops, shop, uniq_erica
D:9:      hellmonk_ruined_rings, layout_grid_maze
D:10:     layout_loops_corners, nicolae_overflow_crystal_walls
D:11:     nzn_motion_control, layout_small_grid, erik_lair_dragon,
          gauntlet_entry_generic, minmay_st_funbox
D:12:     layout_basic, orc_0_dummy, serial_shops, nicolae_stop_n_shop_2,
          nicolae_trove_entry_crystal, serial_co_window_serial,
          co_window_corner_a, co_window_of_opportunity_a, co_window_corner_a,
          co_window_cross_1, co_window_corner_a, co_window_cross_3,
          co_window_corner_ca, co_window_2corner, co_window_unsneaky_path_b,
          glass_columns_a, hangedman_abyss_or_decor_clamps
D:13:     layout_long_grid, erik_vaults_2, serial_undead, serial_undead_e,
          serial_undead_c, serial_undead_d, serial_undead_b,
          nicolae_dithmenos_shadow_blocks, uniq_rupert, uniq_erolcha,
          uniq_azrael
D:14:     layout_basic, nicolae_figureground_pulse, uniq_josephine
D:15:     grunt_enter_depths_snipers, layout_loops_ring, minivault_25,
          serial_demonic, serial_demonic_g, serial_demonic_g, serial_demonic_e,
          serial_demonic_g, serial_demonic_a, serial_demonic_e, serial_demonic_g
Temple:   eino_narrow_crystal_temple
Lair:1:   layout_chaotic_city, lemuel_fruit_fields, lemuel_fruit_fields,
          uniq_amaemon
Lair:2:   layout_long_grid, st_stairs_13, hibernation_bobbens,
          grunt_megastairs_1
Lair:3:   layout_chaotic_city, elwin_shoals_entry_stream,
          nicolae_snake_entry_warm_welcome, enter_volcano_4, minmay_holes,
          chequers_serial_rivers_small_a, beast_lair_carwin_2
Lair:4:   layout_cave_pods, grunt_megastairs_5
Lair:5:   cheibrodos_lair_end_hotspot, layout_regular_city, slime_entry_1,
          lemuel_fruit_tree
Orc:1:    layout_caves, nicolae_orc_crystal_geode
Orc:2:    grunt_orc_community_town_hall, layout_diamond_mine,
          grunt_orc_community_big_house_1, grunt_orc_community_big_house_2,
          grunt_orc_community_house_3, grunt_orc_community_house_2,
          grunt_orc_community_house_3, grunt_orc_community_house_3,
          grunt_orc_community_house_3, serial_shops, shop, uniq_donald

Skill      XL: |  1  2  3  4  5  6  7  8  9 10 11 12 13 14 15 16 |
---------------+-------------------------------------------------+-----
Armour         | 4 5 6 8 9 11 12 14 15 16 17 | 17.7
Shields        | 4 5 6 7 8 9 11 12 14 16 | 16.9
Long Blades    | 3 4 5 7 9 10 12 14 15 16 17 18 | 18.0
Fighting       | 4 5 6 7 8 10 12 14 15 16 17 | 17.1
Dodging        | 2 3 4 |  4.2
Stealth        | 1 3 |  3.9
Invocations    | 1 2 |  2.0
Evocations     | |  0.1

Action                     |  1- 3 |  4- 6 |  7- 9 | 10-12 | 13-15 | 16-18 || total
---------------------------+-------+-------+-------+-------+-------+-------++-------
  Melee: Long sword        |   101 |   119 |   288 |   325 |  1349 |   113 ||  2295
         Headbutt          |    13 |    23 |    73 |    99 |   379 |    29 ||   616
         Falchion          |       |       |    30 |     2 |       |       ||    32
         Scimitar          |       |       |       |    72 |       |       ||    72
 Invoke: Heroism           |       |       |       |     4 |    11 |     2 ||    17
  Evoke: Wand              |       |       |       |       |     2 |       ||     2
    Use: Scroll            |     2 |     2 |     6 |    18 |     4 |     2 ||    34
         Potion            |     2 |     2 |     5 |     2 |     5 |       ||    16
   Stab: Petrified         |       |       |       |     4 |     1 |       ||     5
         Petrifying        |       |       |       |     1 |     1 |       ||     2
 Armour: Scale mail        |    30 |       |       |       |       |       ||    30
         Plate armour      |    30 |    61 |   202 |   198 |   702 |    39 ||  1232
  Dodge: Dodged            |    50 |    34 |   100 |   117 |   397 |    22 ||   720
  Block: Buckler           |    30 |    26 |    31 |       |       |       ||    87
         Kite shield       |       |       |    97 |   203 |   818 |    84 ||  1202
